Little Stars vs Patriotes
Created - December 10, 2018 at 19:04
Goals
|
| Little Stars |
1 |
0 |
3 |
4 |
| Patriotes |
2 |
1 |
3 |
6 |
|
Shots
|
| Little Stars |
14 |
18 |
8 |
40 |
| Patriotes |
17 |
7 |
7 |
31 |
|
1st period
1. Patriotes , Jason Zucker 18 (Christian Hanson 20) at 4:17
2. Little Stars , Scott Kosmachuck 7 (Mathieu Perreault 9) at 18:31
3. Patriotes , Evgeny Kuznetsov 9 (Matt Calvert 13) at 19:40
Penalties :
Shane Sims (Nyc) for Holding (Minor) at 8:03, Scott Kosmachuck (Tex) for Boarding (Minor) at 16:06
2nd period
4. Patriotes , Matt Calvert 12 (Emerson Etem 13) at 14:30
Penalties :
No Penalty
3rd period
5. Little Stars , Brian Flynn 8 (Andrej Sustr 5) at 0:06
6. Patriotes , Evgeny Kuznetsov 10 (Emerson Etem 14, Matt Calvert 14) at 2:46
7. Little Stars , Andrej Sustr 1 (Brian Flynn 30) at 2:50
8. Little Stars , Michael Mersch 6 (Anton Cederholm 1, Scott Kosmachuck 3) at 5:13
9. Patriotes , Aleksander Barkov 6 (Shea Theodore 6, Dillon Heatherington 4) at 7:42
10. Patriotes , Jared Knight 5 (Shane Sims 13) at 15:30
Penalties :
Shea Theodore (Nyc) for Holding (Minor) at 11:27, Borna Rendulic (Nyc) for Hooking (Minor) at 16:30
Goalie Stats
Matt Murray (Tex), 25 saves from 31 shots - (0.806), L, 5-6-2, 60:00 minutes
Thomas Greiss (Nyc), 36 saves from 40 shots - (0.900), W, 8-9-1, 60:00 minutes
Players Stats for Little Stars
Player Name G A P +/- PIM S H SB GA TA FO MP PP MP PK MP
------------------------------------------------------------------------------------
Alexander Vasyunov 0 0 0 -1 0 3 1 0 1 4 0/0 15:59 2:49 0:00
Andrej Sustr 1 1 2 -1 0 2 3 3 0 0 0/0 27:38 3:25 1:18
Anton Cederholm 0 1 1 1 0 1 1 1 0 0 0/0 14:00 0:00 0:00
Bo Horvat 0 0 0 -1 0 2 0 0 0 0 0/2 8:27 0:00 0:06
Brian Flynn 1 1 2 -1 0 3 1 0 0 0 16/33 23:13 2:59 1:23
Cam Atkinson 0 0 0 -1 0 5 3 0 1 0 1/2 23:06 2:52 1:23
Dana Tyrell 0 0 0 -1 0 1 1 2 1 0 10/13 16:29 2:49 0:30
Daniel O'regan 0 0 0 0 0 0 0 0 0 0 0/0 0:58 0:35 0:00
Emile Poirier 0 0 0 -1 0 3 0 0 0 0 0/0 7:58 0:00 0:00
Jesse Joensuu 0 0 0 -1 0 5 0 1 0 0 2/2 22:04 2:49 0:30
Jordie Benn 0 0 0 -2 0 3 1 2 0 3 0/0 18:22 2:32 0:41
Justin Auger 0 0 0 -1 0 0 0 0 0 0 0/0 7:58 0:00 0:00
Mathieu Perreault 0 1 1 1 0 2 1 0 0 0 5/7 12:05 0:13 0:00
Michael Mersch 1 0 1 1 0 2 2 0 0 0 0/0 11:54 0:00 0:06
Scott Kosmachuck 1 1 2 1 2 1 0 1 0 0 0/0 11:47 0:00 0:00
Tucker Poolman 0 0 0 1 0 0 0 0 1 0 0/0 14:00 0:00 0:00
Tyler Wotherspoon 0 0 0 -2 0 1 0 2 0 1 0/0 18:22 2:32 0:41
Tyson Barrie 0 0 0 -1 0 3 2 0 2 0 0/0 27:38 3:25 1:18
Zach Budish 0 0 0 -1 0 3 1 0 0 0 0/2 16:02 2:45 0:00
Players Stats for Patriotes
Player Name G A P +/- PIM S H SB GA TA FO MP PP MP PK MP
------------------------------------------------------------------------------------
Aleksander Barkov 1 0 1 0 0 3 1 0 1 0 1/2 11:53 0:00 0:00
Anthony Bitetto 0 0 0 -2 0 0 1 4 1 1 0/0 28:01 1:19 3:22
Austin Watson 0 0 0 0 0 0 0 0 0 0 0/0 1:38 0:00 1:09
Borna Rendulic 0 0 0 0 2 0 3 1 0 1 0/1 12:21 0:00 0:00
Christian Hanson 0 1 1 -1 0 1 2 1 0 0 14/32 22:23 1:19 3:06
Dale Weise 0 0 0 0 0 0 0 0 0 0 0/0 6:52 0:00 0:00
David Kolomatis 0 0 0 2 0 0 0 1 0 0 0/0 19:33 0:40 2:59
Dillon Heatherington 0 1 1 2 0 0 2 0 0 1 0/0 13:22 0:00 0:42
Emerson Etem 0 2 2 3 0 2 0 0 2 1 0/0 15:15 0:40 0:00
Evgeny Kuznetsov 2 0 2 3 0 3 2 0 0 0 3/8 15:26 0:40 0:05
Jared Knight 1 0 1 0 0 2 1 0 0 0 3/5 6:52 0:00 0:00
Jason Zucker 1 0 1 -1 0 5 2 1 1 0 3/5 22:17 1:19 3:06
Justin Florek 0 0 0 0 0 1 2 1 0 0 0/2 11:53 0:00 0:00
Mario Lucia 0 0 0 0 0 0 0 0 0 0 0/0 0:00 0:00 0:00
Matt Calvert 1 2 3 3 0 6 3 0 0 1 1/3 17:00 0:40 1:39
Maxim Mamin 0 0 0 0 0 0 0 0 0 0 0/0 0:00 0:00 0:00
Riley Barber 0 0 0 0 0 0 0 0 0 0 0/0 1:39 0:00 1:10
Robert Baillargeon 0 0 0 0 0 0 0 0 0 0 0/0 0:00 0:00 0:00
Ryan Fitzgerald 0 0 0 0 0 0 0 0 0 0 0/0 0:21 0:00 0:00
Shane Sims 0 1 1 2 2 1 1 1 0 0 0/0 18:26 0:40 1:53
Shea Theodore 0 1 1 2 2 2 0 0 0 0 0/0 13:02 0:00 0:00
Timothy Kunes 0 0 0 -2 0 3 1 4 2 1 0/0 27:47 1:19 2:58
Tyler Randell 0 0 0 -1 0 2 2 1 0 0 2/3 21:07 1:19 1:39
Vince Hinostroza 0 0 0 0 0 0 1 0 1 0 0/0 6:52 0:00 0:00
3 Stars
1 - Matt Calvert (Nyc)
2 - Evgeny Kuznetsov (Nyc)
3 - Emerson Etem (Nyc)
Power Play
Little Stars - 0 on 3 Attempt(s) - 0.00%
Patriotes - 0 on 1 Attempt(s) - 0.00%
Penalty Kill
Little Stars - 1 on 1 Attempt(s) - 100.00%
- Score 0 goal in Penalty Kill
Patriotes - 3 on 3 Attempt(s) - 100.00%
- Score 0 goal in Penalty Kill
Team Stat
Little Stars - Hits : 17 - Faceoff Wins : 34 - Blocked Shots : 12 - Penalty Minutes : 2
Patriotes - Hits : 24 - Faceoff Wins : 27 - Blocked Shots : 15 - Penalty Minutes : 6
Official
Referees : Unknown
Linesman : Unknown
Game Notes
No Game Note
Finance
Level 1 -- Attendance: 1492 (74.60%) -- Ticket Income $59,680
Level 2 -- Attendance: 759 (75.90%) -- Ticket Income $15,180
Total Attendance: 2251 (75.03%)
Total Ticket Income: $74,860
Other Income: $3,743
Total Income: $78,603
Little Stars
5 vs 5 Forward
Center Left Wing Right Wing Time % Phy DF OF
1 Brian Flynn Jesse Joensuu Cam Atkinson 40 1 2 2
2 Dana Tyrell Alexander Vasyunov Zach Budish 30 1 2 2
3 Mathieu Perreault Michael Mersch Scott Kosmachuck 20 1 2 2
4 Bo Horvat Emile Poirier Justin Auger 10 1 2 2
5 vs 5 Defense
Defense Defense Time % Phy DF OF
1 Andrej Sustr Tyson Barrie 40 1 2 2
2 Jordie Benn Tyler Wotherspoon 30 1 2 2
3 Anton Cederholm Tucker Poolman 20 1 2 2
4 Andrej Sustr Tyson Barrie 10 1 2 2
PowerPlay Forward
Center Left Wing Right Wing Time % Phy DF OF
1 Brian Flynn Jesse Joensuu Cam Atkinson 60 0 2 3
2 Dana Tyrell Alexander Vasyunov Zach Budish 40 0 2 3
PowerPlay Defense
Defense Defense Time % Phy DF OF
1 Andrej Sustr Tyson Barrie 60 0 2 3
2 Jordie Benn Tyler Wotherspoon 40 0 2 3
Penalty Kill 4 Players Forward
Center Wing Time % Phy DF OF
1 Cam Atkinson Brian Flynn 60 0 3 2
2 Dana Tyrell Jesse Joensuu 40 0 3 2
Penalty Kill 4 Players Defense
Defense Defense Time % Phy DF OF
1 Andrej Sustr Tyson Barrie 60 0 3 2
2 Jordie Benn Tyler Wotherspoon 40 0 3 2
Penalty Kill - 3 Players Forward
Forward Time % Phy DF OF
1 Cam Atkinson 60 0 3 2
2 Brian Flynn 40 0 3 2
Penalty Kill - 3 Players Defense
Defense Defense Time % Phy DF OF
1 Andrej Sustr Tyson Barrie 60 0 3 2
2 Jordie Benn Tyler Wotherspoon 40 0 3 2
4 vs 4 Forward
Center Wing Time % Phy DF OF
1 Cam Atkinson Brian Flynn 60 1 2 2
2 Dana Tyrell Jesse Joensuu 40 1 2 2
4 vs 4 Defense
Defense Defense Time % Phy DF OF
1 Andrej Sustr Tyson Barrie 60 1 2 2
2 Jordie Benn Tyler Wotherspoon 40 1 2 2
Last Minutes Offensive
Center Left Wing Right Wing Defense Defense
Brian Flynn Jesse Joensuu Cam Atkinson Andrej Sustr Tyson Barrie
Last Minutes Defensive
Center Left Wing Right Wing Defense Defense
Brian Flynn Jesse Joensuu Cam Atkinson Andrej Sustr Tyson Barrie
Goaltenders
Starting : Matt Murray
Backup : Peter Delmas
Extra Forwards
Normal : Daniel O'regan, Mathieu Perreault, Bo Horvat - PP : Daniel O'regan, Mathieu Perreault - PK : Bo Horvat
Extra Defensemen
Normal : Anton Cederholm, Tucker Poolman, Jordie Benn - PP : Anton Cederholm - PK : Tucker Poolman, Jordie Benn
Penalty Shots
Cam Atkinson, Brian Flynn, Dana Tyrell, Jesse Joensuu, Mathieu Perreault
Scratches
Reece Willcox (Healthy), Ville Pokka (Healthy), Jason Dickinson (Healthy), Phil Oreskovic (Strained Left Elbow Injury), Spencer Martin (Healthy)
Patriotes
5 vs 5 Forward
Center Left Wing Right Wing Time % Phy DF OF
1 Christian Hanson Jason Zucker Tyler Randell 40 1 2 2
2 Evgeny Kuznetsov Matt Calvert Emerson Etem 30 1 2 2
3 Aleksander Barkov Justin Florek Borna Rendulic 20 1 2 2
4 Jared Knight Vince Hinostroza Dale Weise 10 1 2 2
5 vs 5 Defense
Defense Defense Time % Phy DF OF
1 Timothy Kunes Anthony Bitetto 40 1 2 2
2 Shane Sims David Kolomatis 30 1 2 2
3 Shea Theodore Dillon Heatherington 20 1 2 2
4 Timothy Kunes Anthony Bitetto 10 1 2 2
PowerPlay Forward
Center Left Wing Right Wing Time % Phy DF OF
1 Christian Hanson Jason Zucker Tyler Randell 60 1 2 2
2 Evgeny Kuznetsov Matt Calvert Emerson Etem 40 1 2 2
PowerPlay Defense
Defense Defense Time % Phy DF OF
1 Timothy Kunes Anthony Bitetto 60 1 2 2
2 Shane Sims David Kolomatis 40 1 2 2
Penalty Kill 4 Players Forward
Center Wing Time % Phy DF OF
1 Jason Zucker Christian Hanson 60 1 2 2
2 Tyler Randell Matt Calvert 40 1 2 2
Penalty Kill 4 Players Defense
Defense Defense Time % Phy DF OF
1 Timothy Kunes Anthony Bitetto 60 1 2 2
2 Shane Sims David Kolomatis 40 1 2 2
Penalty Kill - 3 Players Forward
Forward Time % Phy DF OF
1 Jason Zucker 60 1 2 2
2 Christian Hanson 40 1 2 2
Penalty Kill - 3 Players Defense
Defense Defense Time % Phy DF OF
1 Timothy Kunes Anthony Bitetto 60 1 2 2
2 Shane Sims David Kolomatis 40 1 2 2
4 vs 4 Forward
Center Wing Time % Phy DF OF
1 Jason Zucker Christian Hanson 60 1 2 2
2 Tyler Randell Matt Calvert 40 1 2 2
4 vs 4 Defense
Defense Defense Time % Phy DF OF
1 Timothy Kunes Anthony Bitetto 60 1 2 2
2 Shane Sims David Kolomatis 40 1 2 2
Last Minutes Offensive
Center Left Wing Right Wing Defense Defense
Christian Hanson Jason Zucker Tyler Randell Timothy Kunes Anthony Bitetto
Last Minutes Defensive
Center Left Wing Right Wing Defense Defense
Christian Hanson Jason Zucker Tyler Randell Timothy Kunes Anthony Bitetto
Goaltenders
Starting : Thomas Greiss
Backup : Andrei Vasilevskiy
Extra Forwards
Normal : Austin Watson, Ryan Fitzgerald, Riley Barber - PP : Austin Watson, Ryan Fitzgerald - PK : Riley Barber
Extra Defensemen
Normal : Shea Theodore, Dillon Heatherington, Shane Sims - PP : Shea Theodore - PK : Dillon Heatherington, Shane Sims
Penalty Shots
Jason Zucker, Christian Hanson, Tyler Randell, Matt Calvert, Evgeny Kuznetsov
Scratches
Aaron Ness (Healthy), Phoenix Copley (Healthy)
% Time on Ice - Little Stars
Lines # - Real PCT - Wanted PCT - Time Play
Normal Forward
1 - 37% - 40% - 19:14
2 - 25% - 30% - 13:10
3 - 22% - 20% - 11:42
4 - 15% - 10% - 7:58
Normal Defense
1 - 36% - 40% - 18:40
2 - 29% - 30% - 15:09
3 - 27% - 20% - 14:00
4 - 8% - 10% - 4:15
PP Forward
1 - 53% - 60% - 3:08
2 - 47% - 40% - 2:49
PP Defense
1 - 57% - 60% - 3:25
2 - 43% - 40% - 2:32
PK Forward
1 - 75% - 60% - 1:29
2 - 25% - 40% - 0:30
PK Defense
1 - 66% - 60% - 1:18
2 - 34% - 40% - 0:41
PK3 Forward
1 - 0% - 60%
2 - 0% - 40%
PK3 Defense
1 - 0% - 60%
2 - 0% - 40%
44 Forward
1 - 0% - 60%
2 - 0% - 40%
44 Defense
1 - 0% - 60%
2 - 0% - 40%
Last Minute Offensive - 0:00
Last Minute Defensive - 0:00
Total
Forward - 60:00
Defense - 60:00
|
% Time on Ice - Patriotes
Lines # - Real PCT - Wanted PCT - Time Play
Normal Forward
1 - 35% - 40% - 18:19
2 - 29% - 30% - 15:00
3 - 23% - 20% - 11:53
4 - 13% - 10% - 6:52
Normal Defense
1 - 39% - 40% - 20:18
2 - 31% - 30% - 15:54
3 - 24% - 20% - 12:40
4 - 6% - 10% - 3:12
PP Forward
1 - 66% - 60% - 1:19
2 - 34% - 40% - 0:40
PP Defense
1 - 66% - 60% - 1:19
2 - 34% - 40% - 0:40
PK Forward
1 - 72% - 60% - 4:18
2 - 28% - 40% - 1:39
PK Defense
1 - 50% - 60% - 2:58
2 - 50% - 40% - 2:59
PK3 Forward
1 - 0% - 60%
2 - 0% - 40%
PK3 Defense
1 - 0% - 60%
2 - 0% - 40%
44 Forward
1 - 0% - 60%
2 - 0% - 40%
44 Defense
1 - 0% - 60%
2 - 0% - 40%
Last Minute Offensive - 0:00
Last Minute Defensive - 0:00
Total
Forward - 60:00
Defense - 60:00
|
Play by Play
1st period
0:01 of 1st period - Christian Hanson wins face-off versus Brian Flynn in neutral zone.
0:09 of 1st period - Icing by Andrej Sustr.
0:10 of 1st period - Jason Zucker wins face-off versus Brian Flynn in Little Stars zone.
0:13 of 1st period - Wrist shot by Jason Zucker.
0:13 of 1st period - Stopped by Matt Murray with a rebound.
0:21 of 1st period - Anthony Bitetto is hit by Tyson Barrie.
0:35 of 1st period - Timothy Kunes is hit by Cam Atkinson and loses puck.
1:08 of 1st period - Snap shot by Jesse Joensuu.
1:08 of 1st period - Stopped by Thomas Greiss without a rebound.
1:09 of 1st period - Dana Tyrell wins face-off versus Evgeny Kuznetsov in Patriotes zone.
1:31 of 1st period - Icing by Tyler Wotherspoon.
1:32 of 1st period - Mathieu Perreault wins face-off versus Aleksander Barkov in Little Stars zone.
1:32 of 1st period - Mathieu Perreault is hit by Justin Florek.
1:58 of 1st period - Alexander Vasyunov is hit by Matt Calvert and loses puck.
2:05 of 1st period - Backhand shot by Matt Calvert.
2:05 of 1st period - Shot Misses the Net.
2:39 of 1st period - Tyson Barrie is hit by Tyler Randell and loses puck.
3:02 of 1st period - Snap shot by Evgeny Kuznetsov.
3:02 of 1st period - Shot Blocked by Andrej Sustr.
3:04 of 1st period - Snap shot by Emerson Etem.
3:04 of 1st period - Stopped by Matt Murray without a rebound.
3:05 of 1st period - Dana Tyrell wins face-off versus Evgeny Kuznetsov in Little Stars zone.
3:17 of 1st period - Off-side.
3:18 of 1st period - Mathieu Perreault wins face-off versus Borna Rendulic in neutral zone.
3:21 of 1st period - Slapshot by Tyson Barrie.
3:21 of 1st period - Shot Blocked by Borna Rendulic.
3:25 of 1st period - Wrist shot by Mathieu Perreault.
3:25 of 1st period - Stopped by Thomas Greiss with a rebound.
3:27 of 1st period - Slapshot by Tyson Barrie.
3:27 of 1st period - Deflect By Justin Florek.
3:27 of 1st period - Stopped by Thomas Greiss with a rebound.
3:29 of 1st period - Slapshot by Andrej Sustr.
3:29 of 1st period - Stopped by Thomas Greiss without a rebound.
3:30 of 1st period - Dana Tyrell wins face-off versus Evgeny Kuznetsov in Patriotes zone.
3:39 of 1st period - Snap shot by Zach Budish.
3:39 of 1st period - Stopped by Thomas Greiss without a rebound.
3:40 of 1st period - Dana Tyrell wins face-off versus Matt Calvert in Patriotes zone.
3:41 of 1st period - Wrist shot by Zach Budish.
3:41 of 1st period - Stopped by Thomas Greiss with a rebound.
3:51 of 1st period - Snap shot by Zach Budish.
3:51 of 1st period - Shot Misses the Net.
4:01 of 1st period - Wrist shot by Evgeny Kuznetsov.
4:01 of 1st period - Shot Misses the Net.
4:03 of 1st period - Wrist shot by Emerson Etem.
4:03 of 1st period - Shot Misses the Net.
4:13 of 1st period - Snap shot by Evgeny Kuznetsov.
4:13 of 1st period - Shot Blocked by Jordie Benn.
4:15 of 1st period - Slapshot by Anthony Bitetto.
4:15 of 1st period - Deflect By Emerson Etem.
4:15 of 1st period - Shot Misses the Net.
4:15 of 1st period - Puck is out of play.
4:16 of 1st period - Christian Hanson wins face-off versus Brian Flynn in Little Stars zone.
4:17 of 1st period - Snap shot by Jason Zucker.
4:17 of 1st period - Goal by Jason Zucker - Little Stars : 0 - Patriotes : 1.
4:18 of 1st period - Brian Flynn wins face-off versus Christian Hanson in neutral zone.
4:21 of 1st period - Backhand shot by Cam Atkinson.
4:21 of 1st period - Stopped by Thomas Greiss without a rebound.
4:22 of 1st period - Brian Flynn wins face-off versus Christian Hanson in Patriotes zone.
5:17 of 1st period - Slapshot by Evgeny Kuznetsov.
5:17 of 1st period - Shot Misses the Net.
5:19 of 1st period - Slapshot by Shane Sims.
5:19 of 1st period - Stopped by Matt Murray with a rebound.
6:19 of 1st period - Snap shot by Justin Florek.
6:19 of 1st period - Shot Misses the Net.
6:21 of 1st period - Slapshot by Timothy Kunes.
6:21 of 1st period - Stopped by Matt Murray without a rebound.
6:22 of 1st period - Dana Tyrell wins face-off versus Justin Florek in Little Stars zone.
6:22 of 1st period - Dana Tyrell is hit by Borna Rendulic.
6:32 of 1st period - Snap shot by Dana Tyrell.
6:32 of 1st period - Shot Blocked by Anthony Bitetto.
6:44 of 1st period - Anthony Bitetto is hit by Alexander Vasyunov and loses puck.
7:05 of 1st period - Wrist shot by Zach Budish.
7:05 of 1st period - Stopped by Thomas Greiss without a rebound.
7:06 of 1st period - Brian Flynn wins face-off versus Christian Hanson in Patriotes zone.
7:32 of 1st period - Scott Kosmachuck is hit by Matt Calvert and loses puck.
7:39 of 1st period - Snap shot by Matt Calvert.
7:39 of 1st period - Stopped by Matt Murray with a rebound.
7:41 of 1st period - Snap shot by Matt Calvert.
7:41 of 1st period - Stopped by Matt Murray without a rebound.
7:42 of 1st period - Christian Hanson wins face-off versus Brian Flynn in Little Stars zone.
8:03 of 1st period - Minor Penalty to Shane Sims for Holding.
8:04 of 1st period - Jason Zucker wins face-off versus Brian Flynn in Patriotes zone.
8:29 of 1st period - Andrej Sustr is hit by Christian Hanson and loses puck.
10:03 of 1st period - Penalty to Shane Sims is over, Shane Sims is back on ice.
10:24 of 1st period - Slapshot by Vince Hinostroza.
10:24 of 1st period - Shot Blocked by Jordie Benn.
10:40 of 1st period - Icing by Tucker Poolman.
10:41 of 1st period - Aleksander Barkov wins face-off versus Bo Horvat in Little Stars zone.
10:56 of 1st period - Emile Poirier is hit by Dillon Heatherington and loses puck.
11:13 of 1st period - Slapshot by Tyson Barrie.
11:13 of 1st period - Deflect By Emile Poirier.
11:13 of 1st period - Stopped by Thomas Greiss without a rebound.
11:14 of 1st period - Christian Hanson wins face-off versus Brian Flynn in Patriotes zone.
11:14 of 1st period - Christian Hanson is hit by Cam Atkinson.
11:49 of 1st period - Snap shot by Emerson Etem.
11:49 of 1st period - Shot Misses the Net.
11:51 of 1st period - Slapshot by Timothy Kunes.
11:51 of 1st period - Deflect By Andrej Sustr.
11:51 of 1st period - Stopped by Matt Murray with a rebound.
11:53 of 1st period - Slapshot by Anthony Bitetto.
11:53 of 1st period - Shot Misses the Net.
11:55 of 1st period - Slapshot by Anthony Bitetto.
11:55 of 1st period - Deflect By Evgeny Kuznetsov.
11:55 of 1st period - Stopped by Matt Murray with a rebound.
12:18 of 1st period - Snap shot by Mathieu Perreault.
12:18 of 1st period - Shot Misses the Net.
12:28 of 1st period - Jordie Benn is hit by Borna Rendulic.
12:48 of 1st period - Wrist shot by Cam Atkinson.
12:48 of 1st period - Shot Misses the Net.
12:50 of 1st period - Slapshot by Jordie Benn.
12:50 of 1st period - Stopped by Thomas Greiss with a rebound.
13:12 of 1st period - Shane Sims is hit by Dana Tyrell and loses puck.
13:32 of 1st period - Vince Hinostroza is hit by Andrej Sustr and loses puck.
14:33 of 1st period - Wrist shot by Matt Calvert.
14:33 of 1st period - Stopped by Matt Murray with a rebound.
14:35 of 1st period - Slapshot by Dillon Heatherington.
14:35 of 1st period - Deflect By Matt Calvert.
14:35 of 1st period - Stopped by Matt Murray with a rebound.
14:37 of 1st period - Wrist shot by Evgeny Kuznetsov.
14:37 of 1st period - Shot Misses the Net.
14:39 of 1st period - Wrist shot by Emerson Etem.
14:39 of 1st period - Stopped by Matt Murray without a rebound.
14:40 of 1st period - Christian Hanson wins face-off versus Brian Flynn in Little Stars zone.
15:14 of 1st period - Wrist shot by Aleksander Barkov.
15:14 of 1st period - Stopped by Matt Murray with a rebound.
15:16 of 1st period - Slapshot by Shea Theodore.
15:16 of 1st period - Stopped by Matt Murray with a rebound.
15:18 of 1st period - Slapshot by Shea Theodore.
15:18 of 1st period - Shot Blocked by Jesse Joensuu.
15:57 of 1st period - Snap shot by Michael Mersch.
15:57 of 1st period - Shot Blocked by Timothy Kunes.
16:06 of 1st period - Minor Penalty to Scott Kosmachuck for Boarding.
16:07 of 1st period - Cam Atkinson wins face-off versus Christian Hanson in Little Stars zone.
16:21 of 1st period - Wrist shot by Cam Atkinson.
16:21 of 1st period - Stopped by Thomas Greiss without a rebound.
16:22 of 1st period - Christian Hanson wins face-off versus Cam Atkinson in Patriotes zone.
17:03 of 1st period - Wrist shot by Christian Hanson.
17:03 of 1st period - Shot Misses the Net.
17:05 of 1st period - Backhand shot by Jason Zucker.
17:05 of 1st period - Stopped by Matt Murray without a rebound.
17:06 of 1st period - Evgeny Kuznetsov wins face-off versus Dana Tyrell in Little Stars zone.
18:06 of 1st period - Penalty to Scott Kosmachuck is over, Scott Kosmachuck is back on ice.
18:17 of 1st period - Wrist shot by Dana Tyrell.
18:17 of 1st period - Shot Blocked by Justin Florek.
18:19 of 1st period - Slapshot by Tyson Barrie.
18:19 of 1st period - Stopped by Thomas Greiss with a rebound.
18:23 of 1st period - Snap shot by Alexander Vasyunov.
18:23 of 1st period - Stopped by Thomas Greiss without a rebound.
18:24 of 1st period - Mathieu Perreault wins face-off versus Jared Knight in Patriotes zone.
18:31 of 1st period - Wrist shot by Scott Kosmachuck.
18:31 of 1st period - Goal by Scott Kosmachuck - Little Stars : 1 - Patriotes : 1.
18:32 of 1st period - Brian Flynn wins face-off versus Christian Hanson in neutral zone.
18:37 of 1st period - Snap shot by Brian Flynn.
18:37 of 1st period - Shot Blocked by Timothy Kunes.
18:43 of 1st period - Brian Flynn is hit by Jason Zucker and loses puck.
19:06 of 1st period - Off-side.
19:07 of 1st period - Christian Hanson wins face-off versus Mathieu Perreault in neutral zone.
19:40 of 1st period - Wrist shot by Evgeny Kuznetsov.
19:40 of 1st period - Goal by Evgeny Kuznetsov - Little Stars : 1 - Patriotes : 2.
19:41 of 1st period - Christian Hanson wins face-off versus Brian Flynn in neutral zone.
19:46 of 1st period - Wrist shot by Christian Hanson.
19:46 of 1st period - Stopped by Matt Murray without a rebound.
19:47 of 1st period - Tyler Randell wins face-off versus Brian Flynn in Little Stars zone.
Goals for this period are 1 for Little Stars vs 2 for Patriotes.
Shots for this period are 14 for Little Stars vs 17 for Patriotes.
2nd period
0:01 of 2nd period - Brian Flynn wins face-off versus Christian Hanson in neutral zone.
0:14 of 2nd period - Snap shot by Cam Atkinson.
0:14 of 2nd period - Shot Blocked by Jason Zucker.
0:16 of 2nd period - Snap shot by Cam Atkinson.
0:16 of 2nd period - Shot Blocked by Christian Hanson.
0:26 of 2nd period - Dana Tyrell is hit by Evgeny Kuznetsov and loses puck.
2:26 of 2nd period - Zach Budish is hit by Jason Zucker and loses puck.
2:38 of 2nd period - Icing by Andrej Sustr.
2:39 of 2nd period - Brian Flynn wins face-off versus Jared Knight in Little Stars zone.
2:50 of 2nd period - Snap shot by Jesse Joensuu.
2:50 of 2nd period - Stopped by Thomas Greiss with a rebound.
3:30 of 2nd period - Off-side.
3:31 of 2nd period - Evgeny Kuznetsov wins face-off versus Brian Flynn in neutral zone.
5:26 of 2nd period - Snap shot by Jason Zucker.
5:26 of 2nd period - Stopped by Matt Murray with a rebound.
5:46 of 2nd period - Wrist shot by Brian Flynn.
5:46 of 2nd period - Stopped by Thomas Greiss with a rebound.
5:54 of 2nd period - Snap shot by Jared Knight.
5:54 of 2nd period - Stopped by Matt Murray with a rebound.
5:56 of 2nd period - Slapshot by Dillon Heatherington.
5:56 of 2nd period - Shot Blocked by Tyler Wotherspoon.
6:51 of 2nd period - Alexander Vasyunov is hit by Vince Hinostroza.
7:36 of 2nd period - Mathieu Perreault is hit by Shane Sims and loses puck.
7:56 of 2nd period - Anton Cederholm is hit by Timothy Kunes and loses puck.
8:21 of 2nd period - Snap shot by Alexander Vasyunov.
8:21 of 2nd period - Stopped by Thomas Greiss with a rebound.
8:39 of 2nd period - David Kolomatis is hit by Cam Atkinson and loses puck.
9:11 of 2nd period - Andrej Sustr is hit by Justin Florek and loses puck.
9:30 of 2nd period - Snap shot by Christian Hanson.
9:30 of 2nd period - Shot Blocked by Dana Tyrell.
9:32 of 2nd period - Slapshot by Shea Theodore.
9:32 of 2nd period - Shot Blocked by Dana Tyrell.
9:46 of 2nd period - Backhand shot by Brian Flynn.
9:46 of 2nd period - Deflect By Cam Atkinson.
9:46 of 2nd period - Stopped by Thomas Greiss with a rebound.
10:18 of 2nd period - Tyler Wotherspoon is hit by Anthony Bitetto and loses puck.
10:27 of 2nd period - Wrist shot by Aleksander Barkov.
10:27 of 2nd period - Stopped by Matt Murray without a rebound.
10:28 of 2nd period - Brian Flynn wins face-off versus Christian Hanson in Little Stars zone.
10:43 of 2nd period - Wrist shot by Christian Hanson.
10:43 of 2nd period - Shot Misses the Net.
10:58 of 2nd period - Zach Budish is hit by Evgeny Kuznetsov and loses puck.
11:21 of 2nd period - Slapshot by Mathieu Perreault.
11:21 of 2nd period - Stopped by Thomas Greiss without a rebound.
11:22 of 2nd period - Brian Flynn wins face-off versus Christian Hanson in Patriotes zone.
11:27 of 2nd period - Snap shot by Brian Flynn.
11:27 of 2nd period - Stopped by Thomas Greiss with a rebound.
12:22 of 2nd period - Slapshot by Timothy Kunes.
12:22 of 2nd period - Stopped by Matt Murray without a rebound.
12:23 of 2nd period - Brian Flynn wins face-off versus Christian Hanson in Little Stars zone.
12:30 of 2nd period - Shane Sims is hit by Brian Flynn and loses puck.
12:49 of 2nd period - David Kolomatis is hit by Zach Budish and loses puck.
12:56 of 2nd period - Snap shot by Alexander Vasyunov.
12:56 of 2nd period - Shot Misses the Net.
13:13 of 2nd period - Snap shot by Justin Florek.
13:13 of 2nd period - Stopped by Matt Murray with a rebound.
13:15 of 2nd period - Backhand shot by Justin Florek.
13:15 of 2nd period - Deflect By Aleksander Barkov.
13:15 of 2nd period - Shot Blocked by Scott Kosmachuck.
13:15 of 2nd period - Puck is out of play.
13:16 of 2nd period - Mathieu Perreault wins face-off versus Justin Florek in Little Stars zone.
13:36 of 2nd period - Aleksander Barkov is hit by Jordie Benn and loses puck.
13:53 of 2nd period - Slapshot by Michael Mersch.
13:53 of 2nd period - Stopped by Thomas Greiss without a rebound.
13:54 of 2nd period - Christian Hanson wins face-off versus Brian Flynn in Patriotes zone.
13:59 of 2nd period - Snap shot by Tyler Randell.
13:59 of 2nd period - Shot Misses the Net.
14:09 of 2nd period - Wrist shot by Jesse Joensuu.
14:09 of 2nd period - Stopped by Thomas Greiss with a rebound.
14:19 of 2nd period - Andrej Sustr is hit by Dillon Heatherington and loses puck.
14:30 of 2nd period - Snap shot by Matt Calvert.
14:30 of 2nd period - Goal by Matt Calvert - Little Stars : 1 - Patriotes : 3.
14:31 of 2nd period - Christian Hanson wins face-off versus Brian Flynn in neutral zone.
14:44 of 2nd period - Snap shot by Tyler Randell.
14:44 of 2nd period - Stopped by Matt Murray without a rebound.
14:45 of 2nd period - Jason Zucker wins face-off versus Brian Flynn in Little Stars zone.
15:00 of 2nd period - Tyler Randell is hit by Andrej Sustr and loses puck.
15:21 of 2nd period - Snap shot by Justin Florek.
15:21 of 2nd period - Shot Misses the Net.
15:59 of 2nd period - Wrist shot by Jesse Joensuu.
15:59 of 2nd period - Deflect By Shane Sims.
15:59 of 2nd period - Stopped by Thomas Greiss with a rebound.
16:01 of 2nd period - Wrist shot by Cam Atkinson.
16:01 of 2nd period - Stopped by Thomas Greiss with a rebound.
16:03 of 2nd period - Wrist shot by Cam Atkinson.
16:03 of 2nd period - Shot Blocked by Shane Sims.
16:33 of 2nd period - Snap shot by Brian Flynn.
16:33 of 2nd period - Shot Blocked by David Kolomatis.
16:45 of 2nd period - Slapshot by Cam Atkinson.
16:45 of 2nd period - Stopped by Thomas Greiss without a rebound.
16:46 of 2nd period - Dana Tyrell wins face-off versus Christian Hanson in Patriotes zone.
16:47 of 2nd period - Wrist shot by Alexander Vasyunov.
16:47 of 2nd period - Stopped by Thomas Greiss without a rebound.
16:48 of 2nd period - Christian Hanson wins face-off versus Zach Budish in Patriotes zone.
17:13 of 2nd period - Borna Rendulic is hit by Michael Mersch and loses puck.
17:48 of 2nd period - Icing by Jared Knight.
17:49 of 2nd period - Jared Knight wins face-off versus Dana Tyrell in Patriotes zone.
17:54 of 2nd period - Alexander Vasyunov is hit by Tyler Randell and loses puck.
18:15 of 2nd period - Borna Rendulic is hit by Michael Mersch.
18:19 of 2nd period - Snap shot by Justin Florek.
18:19 of 2nd period - Shot Blocked by Anton Cederholm.
18:57 of 2nd period - Wrist shot by Tyler Randell.
18:57 of 2nd period - Shot Misses the Net.
19:07 of 2nd period - Slapshot by Emile Poirier.
19:07 of 2nd period - Shot Misses the Net.
19:09 of 2nd period - Snap shot by Bo Horvat.
19:09 of 2nd period - Stopped by Thomas Greiss with a rebound.
19:27 of 2nd period - Slapshot by Bo Horvat.
19:27 of 2nd period - Shot Blocked by Timothy Kunes.
19:35 of 2nd period - Snap shot by Emile Poirier.
19:35 of 2nd period - Deflect By Bo Horvat.
19:35 of 2nd period - Stopped by Thomas Greiss with a rebound.
19:37 of 2nd period - Slapshot by Anton Cederholm.
19:37 of 2nd period - Shot Misses the Net.
19:39 of 2nd period - Wrist shot by Bo Horvat.
19:39 of 2nd period - Shot Blocked by Tyler Randell.
19:41 of 2nd period - Slapshot by Anton Cederholm.
19:41 of 2nd period - Stopped by Thomas Greiss with a rebound.
19:43 of 2nd period - Wrist shot by Emile Poirier.
19:43 of 2nd period - Stopped by Thomas Greiss with a rebound.
19:51 of 2nd period - Slapshot by Emile Poirier.
19:51 of 2nd period - Shot Misses the Net.
19:53 of 2nd period - Slapshot by Anton Cederholm.
19:53 of 2nd period - Shot Misses the Net.
19:55 of 2nd period - Wrist shot by Emile Poirier.
19:55 of 2nd period - Stopped by Thomas Greiss without a rebound.
19:56 of 2nd period - Jesse Joensuu wins face-off versus Matt Calvert in Patriotes zone.
19:59 of 2nd period - Slapshot by Jesse Joensuu.
19:59 of 2nd period - Stopped by Thomas Greiss with a rebound.
Goals for this period are 0 for Little Stars vs 1 for Patriotes.
Shots for this period are 18 for Little Stars vs 7 for Patriotes.
3rd period
0:01 of 3rd period - Brian Flynn wins face-off versus Christian Hanson in neutral zone.
0:06 of 3rd period - Snap shot by Brian Flynn.
0:06 of 3rd period - Goal by Brian Flynn - Little Stars : 2 - Patriotes : 3.
0:07 of 3rd period - Tyler Randell wins face-off versus Brian Flynn in neutral zone.
0:18 of 3rd period - Slapshot by Tyler Randell.
0:18 of 3rd period - Stopped by Matt Murray without a rebound.
0:19 of 3rd period - Brian Flynn wins face-off versus Tyler Randell in Little Stars zone.
0:45 of 3rd period - Jesse Joensuu is hit by Borna Rendulic and loses puck.
1:05 of 3rd period - Snap shot by Jesse Joensuu.
1:05 of 3rd period - Shot Misses the Net.
1:07 of 3rd period - Slapshot by Brian Flynn.
1:07 of 3rd period - Deflect By Jesse Joensuu.
1:07 of 3rd period - Shot Misses the Net.
1:07 of 3rd period - Puck is out of play.
1:08 of 3rd period - Dana Tyrell wins face-off versus Christian Hanson in Patriotes zone.
1:11 of 3rd period - Wrist shot by Dana Tyrell.
1:11 of 3rd period - Stopped by Thomas Greiss with a rebound.
1:13 of 3rd period - Slapshot by Jordie Benn.
1:13 of 3rd period - Shot Misses the Net.
1:15 of 3rd period - Wrist shot by Alexander Vasyunov.
1:15 of 3rd period - Shot Misses the Net.
1:17 of 3rd period - Slapshot by Tyler Wotherspoon.
1:17 of 3rd period - Stopped by Thomas Greiss with a rebound.
1:19 of 3rd period - Slapshot by Jordie Benn.
1:19 of 3rd period - Shot Misses the Net.
1:35 of 3rd period - Tyler Wotherspoon is hit by Matt Calvert and loses puck.
2:02 of 3rd period - Aleksander Barkov is hit by Anton Cederholm.
2:18 of 3rd period - Slapshot by Andrej Sustr.
2:18 of 3rd period - Shot Blocked by Anthony Bitetto.
2:36 of 3rd period - Snap shot by Matt Calvert.
2:36 of 3rd period - Stopped by Matt Murray without a rebound.
2:37 of 3rd period - Evgeny Kuznetsov wins face-off versus Brian Flynn in Little Stars zone.
2:46 of 3rd period - Wrist shot by Evgeny Kuznetsov.
2:46 of 3rd period - Goal by Evgeny Kuznetsov - Little Stars : 2 - Patriotes : 4.
2:47 of 3rd period - Brian Flynn wins face-off versus Christian Hanson in neutral zone.
2:50 of 3rd period - Slapshot by Andrej Sustr.
2:50 of 3rd period - Goal by Andrej Sustr - Little Stars : 3 - Patriotes : 4.
2:51 of 3rd period - Christian Hanson wins face-off versus Brian Flynn in neutral zone.
3:15 of 3rd period - Icing by Christian Hanson.
3:16 of 3rd period - Dana Tyrell wins face-off versus Evgeny Kuznetsov in Patriotes zone.
3:17 of 3rd period - Slapshot by Jordie Benn.
3:17 of 3rd period - Stopped by Thomas Greiss with a rebound.
3:46 of 3rd period - Off-side.
3:47 of 3rd period - Brian Flynn wins face-off versus Christian Hanson in neutral zone.
4:01 of 3rd period - Slapshot by David Kolomatis.
4:01 of 3rd period - Shot Blocked by Andrej Sustr.
4:36 of 3rd period - Snap shot by Christian Hanson.
4:36 of 3rd period - Deflect By Tyler Randell.
4:36 of 3rd period - Shot Misses the Net.
4:36 of 3rd period - Puck is out of play.
4:37 of 3rd period - Matt Calvert wins face-off versus Dana Tyrell in Little Stars zone.
4:44 of 3rd period - Snap shot by Evgeny Kuznetsov.
4:44 of 3rd period - Shot Misses the Net.
4:46 of 3rd period - Snap shot by Emerson Etem.
4:46 of 3rd period - Shot Blocked by Tyler Wotherspoon.
5:02 of 3rd period - Justin Florek is hit by Mathieu Perreault and loses puck.
5:09 of 3rd period - Wrist shot by Scott Kosmachuck.
5:09 of 3rd period - Shot Blocked by Timothy Kunes.
5:11 of 3rd period - Snap shot by Anton Cederholm.
5:11 of 3rd period - Shot Blocked by Anthony Bitetto.
5:13 of 3rd period - Snap shot by Michael Mersch.
5:13 of 3rd period - Goal by Michael Mersch - Little Stars : 4 - Patriotes : 4.
5:14 of 3rd period - Christian Hanson wins face-off versus Zach Budish in neutral zone.
5:17 of 3rd period - Snap shot by Jason Zucker.
5:17 of 3rd period - Stopped by Matt Murray with a rebound.
5:22 of 3rd period - Off-side.
5:23 of 3rd period - Dana Tyrell wins face-off versus Christian Hanson in neutral zone.
5:26 of 3rd period - Slapshot by Tyson Barrie.
5:26 of 3rd period - Stopped by Thomas Greiss without a rebound.
5:27 of 3rd period - Christian Hanson wins face-off versus Brian Flynn in Patriotes zone.
6:28 of 3rd period - Icing by Shea Theodore.
6:29 of 3rd period - Jared Knight wins face-off versus Bo Horvat in Patriotes zone.
6:42 of 3rd period - Snap shot by Vince Hinostroza.
6:42 of 3rd period - Shot Misses the Net.
7:38 of 3rd period - Slapshot by Aleksander Barkov.
7:38 of 3rd period - Shot Blocked by Andrej Sustr.
7:40 of 3rd period - Slapshot by Shea Theodore.
7:40 of 3rd period - Stopped by Matt Murray with a rebound.
7:42 of 3rd period - Snap shot by Aleksander Barkov.
7:42 of 3rd period - Goal by Aleksander Barkov - Little Stars : 4 - Patriotes : 5.
7:43 of 3rd period - Brian Flynn wins face-off versus Christian Hanson in neutral zone.
8:12 of 3rd period - Anthony Bitetto is hit by Tyson Barrie and loses puck.
8:48 of 3rd period - Andrej Sustr is hit by Jared Knight and loses puck.
9:14 of 3rd period - Cam Atkinson is hit by Christian Hanson and loses puck.
9:29 of 3rd period - Icing by Tyler Wotherspoon.
9:30 of 3rd period - Brian Flynn wins face-off versus Evgeny Kuznetsov in Little Stars zone.
9:43 of 3rd period - Snap shot by Dana Tyrell.
9:43 of 3rd period - Shot Misses the Net.
9:45 of 3rd period - Wrist shot by Zach Budish.
9:45 of 3rd period - Shot Misses the Net.
10:54 of 3rd period - Jesse Joensuu is hit by Aleksander Barkov and loses puck.
11:27 of 3rd period - Minor Penalty to Shea Theodore for Holding.
11:28 of 3rd period - Dana Tyrell wins face-off versus Jason Zucker in Patriotes zone.
11:30 of 3rd period - Snap shot by Dana Tyrell.
11:30 of 3rd period - Shot Blocked by Anthony Bitetto.
11:32 of 3rd period - Snap shot by Zach Budish.
11:32 of 3rd period - Shot Misses the Net.
13:27 of 3rd period - Penalty to Shea Theodore is over, Shea Theodore is back on ice.
13:45 of 3rd period - Borna Rendulic is hit by Andrej Sustr and loses puck.
14:03 of 3rd period - Icing by Shea Theodore.
14:04 of 3rd period - Jared Knight wins face-off versus Mathieu Perreault in Patriotes zone.
14:11 of 3rd period - Slapshot by Jordie Benn.
14:11 of 3rd period - Stopped by Thomas Greiss without a rebound.
14:12 of 3rd period - Mathieu Perreault wins face-off versus Christian Hanson in Patriotes zone.
15:30 of 3rd period - Snap shot by Jared Knight.
15:30 of 3rd period - Goal by Jared Knight - Little Stars : 4 - Patriotes : 6.
15:31 of 3rd period - Jesse Joensuu wins face-off versus Christian Hanson in neutral zone.
16:30 of 3rd period - Minor Penalty to Borna Rendulic for Hooking.
16:31 of 3rd period - Brian Flynn wins face-off versus Jason Zucker in Patriotes zone.
18:30 of 3rd period - Penalty to Borna Rendulic is over, Borna Rendulic is back on ice.
Goals for this period are 3 for Little Stars vs 3 for Patriotes.
Shots for this period are 8 for Little Stars vs 7 for Patriotes.
Back to the Top